 Dungeon Crawl Stone Soup version 0.24-a0-652-g46ecf6da75 (webtiles) character file.

Game seed: 13999495148079230078, levelgen mode: deterministic

65 Gynju the Conjurer (level 4, 0/25 HPs)
             Began as a Tengu Wanderer on Sept 26, 2019.
             Succumbed to an adder's poison
             ... on level 2 of the Dungeon.
             The game lasted 00:02:34 (1718 turns).

Gynju the Conjurer (Tengu Wanderer)                 Turns: 1718, Time: 00:02:35

Health: 0/25       AC:  4    Str: 12    XL:     4   Next: 14%
Magic:  5/8        EV: 10    Int: 14    God:
Gold:   56         SH:  0    Dex: 13    Spells: 6/7 levels left

rFire    . . .     SeeInvis .   h - +2 whip (holy)
rCold    + . .     Gourm    .   (no shield)
rNeg     . . .     Faith    .   k - +1 leather armour {rC+}
rPois    .         Spirit   .   (helmet restricted)
rElec    .         Reflect  .   (no cloak)
rCorr    +         Harm     .   (no gloves)
MR       .....                  (boots unavailable)
Stlth    ++........             (no amulet)
HPRegen  0.08/turn              g - ring of resist corrosion
MPRegen  0.11/turn              (no ring)

@: lethally poisoned (0 -> -20), very slightly contaminated
A: beak, talons 3
a: no special abilities


You were on level 2 of the Dungeon.
You were not hungry.

You visited 1 branch of the dungeon, and saw 2 of its levels.

You collected 56 gold pieces.

Inventory:

Hand Weapons
 h - a +2 whip of holy wrath (weapon)
Armour
 k - a +1 leather armour of cold resistance (worn)
Jewellery
 g - a ring of resist corrosion (left hand)
Scrolls
 b - 2 scrolls of fear
 d - 6 scrolls of identify {unknown}
 i - a scroll of remove curse {unknown}
 l - a scroll of teleportation {unknown}
Potions
 a - a potion of resistance {unknown}
 c - a potion of cancellation {unknown}
 e - a potion of heal wounds {unknown}
 j - a potion of curing {unknown}
 m - 2 potions of ambrosia {unknown}
Comestibles
 f - 3 rations


   Skills:
 - Level 1.0 Fighting
 + Level 2.1 Maces & Flails
   Level 1.1 Polearms
 - Level 1.0 Throwing
 - Level 2.0 Stealth
 - Level 2.3 Spellcasting
 + Level 3.9 Conjurations
   Level 1.3 Air Magic
 - Level 1.0 Poison Magic


You had 6 spell levels left.
You knew the following spells:

 Your Spells              Type           Power        Failure   Level  Hunger
a - Sting                 Conj/Pois      #...         11%         1    #......

Your spell library contained the following spells:

 Spells                   Type           Power        Failure   Level  Hunger
 Freeze                   Ice            #...         28%         1    #......
 Mephitic Cloud           Conj/Pois/Air  #.......     36%         3    ###....
 Ozocubu's Armour         Chrm/Ice       #.......     65%         3    ###....


Dungeon Overview and Level Annotations

Branches:
Dungeon (2/15)

Altars:
Nemelex Xobeh
Zin
The Shining One


Innate Abilities, Weirdness & Mutations

You have a beak for a mouth.
You have claws for feet.


Message History

* * * LOW HITPOINT WARNING * * *
The adder bites you.
* * * LOW HITPOINT WARNING * * *
You are more poisoned.
The adder poisons you!
Casting: Sting (safe; 11% risk of failure)
Confirm with . or Enter, or press ? or * to list all spells.
Aiming: Sting (safe; 11% risk of failure)
Press: ? - help, Shift-Dir - straight line, f/p - adder
Aim: an adder The sting misses the adder.
* * * LOW HITPOINT WARNING * * *
You feel sick.
The bullfrog skeleton closely misses you.
The adder bites you.
* * * LOW HITPOINT WARNING * * *
You are more poisoned.
The adder poisons you! The bullfrog skeleton hits you.
* * * LOW HITPOINT WARNING * * *
You die...

. ####### #........# .
#.....# #........# ###.###
#.._..# #........# #..
#.###.....###........# ##.#
#..####'####.........#
#..###....##.#.##.........#
....##....##....#.Z.......#
#.#......######...S......!#
..######..### ##@##########
.## #....# #...## .# #.##.#
###..# ## #....## ##.# ##
####..## #.# .### ##..#
#.## ...#########..#####..#
.....................#
###.#########...######


You could see an adder and a bullfrog skeleton.

Vanquished Creatures
  Terence (D:2)
  An ooze (D:1)
  A worm (D:2)
  A dart slug (D:2)
  A leopard gecko (D:1)
  3 giant cockroaches (D:1)
  2 goblins
  4 hobgoblins
  3 jackals (D:1)
  2 bats
  A frilled lizard (D:1)
  8 kobolds
28 creatures vanquished.

Notes
Turn   | Place    | Note
-------+----------+-------------------------------------------
     0 | D:1      | Gynju the Tengu Wanderer began the quest for the Orb.
     0 | D:1      | Gynju set off with the following items: a +2 dagger, a
                  | scroll of fear, a +0 robe, a ration; and the following
                  | spells available to memorise: Sting, Freeze, Mephitic
                  | Cloud, Ozocubu's Armour
     0 | D:1      | Reached XP level 1. HP: 12/12 MP: 4/4
    29 | D:1      | Learned a level 1 spell: Sting
   290 | D:1      | Reached XP level 2. HP: 16/16 MP: 6/6
   462 | D:1      | Reached skill level 1 in Poison Magic
   822 | D:1      | Reached skill level 3 in Conjurations
  1002 | D:2      | Reached skill level 1 in Maces & Flails
  1002 | D:2      | Reached XP level 3. HP: 20/20 MP: 1/7
  1095 | D:2      | Found a sparkling altar of Nemelex Xobeh.
  1517 | D:2      | Found a glowing golden altar of the Shining One.
  1565 | D:2      | Noticed Terence
  1580 | D:2      | Killed Terence
  1580 | D:2      | Reached XP level 4. HP: 23/25 MP: 0/8
  1696 | D:2      | Found a glowing silver altar of Zin.
  1718 | D:2      | Succumbed to an adder's poison

Levels and vault maps discovered:
D:1:      wander_arrival_estate, layout_basic
D:2:      layout_rooms, tso_altar, nemelex_xobeh_ov_fountains_minmay,
          zin_scriptorium, uniq_terence

Skill      XL: |  1  2  3 |
---------------+----------+-----
Poison Magic   | 1 |  1.0
Conjurations   | 3 |  3.9
Maces & Flails | 1 2 |  2.1
Fighting       | |  1.0
Polearms       | |  1.1
Throwing       | |  1.0
Stealth        | |  2.0
Spellcasting   | |  2.3
Air Magic      | |  1.3

Action                   |  1- 3 |  4- 6 || total
-------------------------+-------+-------++-------
Melee: Dagger            |     8 |       ||     8
       Whip              |    38 |     6 ||    44
       Kick              |    10 |     2 ||    12
       Peck              |     5 |     3 ||     8
 Cast: Sting             |    18 |     2 ||    20
 Stab: Sleeping          |     2 |       ||     2
  Eat: Chunk             |     2 |     1 ||     3
Armor: Robe              |     2 |       ||     2
       Leather armour    |    15 |     2 ||    17
Dodge: Dodged            |    33 |     9 ||    42

Table legend:
 A = Non-vault XP
 B = Vault XP
 C = Vault XP percentage of total XP
 D = Non-vault monster count
 E = Vault monster count
 F = Vault count percentage of total count
                 A         B        C        D         E       F
            +---------+---------+-------+---------+---------+-------
      Total |      58 |      36 |  38.3 |      27 |       1 |   3.6
            +---------+---------+-------+---------+---------+-------
        D:1 |      41 |       0 |   0.0 |      20 |       0 |   0.0
        D:2 |      17 |      36 |  67.9 |       7 |       1 |  12.5
            +---------+---------+-------+---------+---------+-------
